 Dungeon Crawl Stone Soup version 0.26.1-10-gdfb7c7de75 (webtiles) character file.

Game seed: 7608228443682230124

89522 CrazyMind the Whirler (level 15, 0/81 HPs)
             Began as a Spriggan Hunter on Apr 9, 2021.
             Was the Champion of Okawaru.
             Killed from afar by a will-o-the-wisp (15 damage)
             ... with a foxfire
             ... on level 1 of the Swamp on Apr 10, 2021.
             The game lasted 03:10:09 (40573 turns).

CrazyMind the Whirler (Spriggan Hunter)            Turns: 40573, Time: 03:10:09

Health: 0/81       AC: 13    Str: 13    XL:     15   Next: 49%
Magic:  25/25      EV: 26    Int: 18    God:    Okawaru [******]
Gold:   2032       SH: 12    Dex: 21    Spells: 14/14 levels left

rFire    . . .     SeeInvis +   a - +2 hunting sling (freeze)
rCold    + + .     Faith    .   q - +3 buckler
rNeg     + . .     Spirit   .   O - +0 swamp dragon scales
rPois    +         Reflect  .   p - +0 hat of Midnight {rN+ Int+5 Dex+3 SInv}
rElec    .         Harm     .   H - +1 cloak {rCorr}
rCorr    +         Rampage  .   (gloves unavailable)
Will     +++..                  (boots unavailable)
Stlth    +++.......             (no amulet)
HPRegen  0.23/turn              y - ring of protection from cold
MPRegen  0.19/turn              C - ring of willpower

@: very quick
A: very small, unfitting armour, yellow scales 1, see invisible, cold resistance
1, speed 3, high mp 1, no potion heal 1
a: Renounce Religion, Heroism, Finesse


You were on level 1 of the Swamp.
You worshipped Okawaru.
Okawaru was exalted by your worship.
You visited 4 branches of the dungeon, and saw 23 of its levels.
You also visited: Sewer and Gauntlet.

You collected 2032 gold pieces.

Inventory:

Hand Weapons
 a - a +2 hunting sling of freezing (weapon)
 b - a +0 rapier of venom
 c - a +2 short sword of holy wrath
 J - a +3 hunting sling of flaming
Missiles
 d - 102 sling bullets (quivered ammo)
 e - 857 stones
 o - 47 poisoned darts
 x - 3 curare-tipped darts
 B - 4 datura-tipped darts
 E - 4 boomerangs of dispersal
 M - 5 throwing nets
 N - 22 boomerangs
Armour
 g - a +2 robe of willpower
 p - the +0 hat of Midnight (worn) {rN+ Int+5 Dex+3 SInv}
   (You found it in a Gauntlet)

   It affects your intelligence (+5).
   It affects your dexterity (+3).
   It protects you from negative energy.
   It lets you see invisible.
 q - a +3 buckler (worn)
 z - a +2 robe of resistance
 H - a +1 cloak of preservation (worn)
 O - +0 swamp dragon scales (worn)
Jewellery
 y - a ring of protection from cold (left hand)
 C - a ring of willpower (right hand)
 I - an uncursed ring of protection from cold
Wands
 r - a wand of digging (6)
 w - a wand of acid (28)
 P - a wand of polymorph (7)
Scrolls
 f - 10 scrolls of identify
 h - 22 scrolls of remove curse
 k - 5 scrolls of blinking
 m - 2 scrolls of fear
 n - 11 scrolls of teleportation
 s - 4 scrolls of fog
 D - a scroll of magic mapping
 F - a scroll of silence
Potions
 i - 6 potions of heal wounds
 j - 3 potions of haste
 l - 5 potions of flight
 u - a potion of ambrosia
 v - 10 potions of curing
 A - 5 potions of cancellation
 G - 2 potions of resistance
 K - 2 potions of might
 L - a potion of mutation
Miscellaneous
 V - a phantom mirror


   Skills:
 + Level 10.6 Fighting
 + Level 11.2 Short Blades
 + Level 15.4(15.5) Slings
 + Level 2.0(9.0) Throwing
 + Level 5.8 Armour
 + Level 11.4 Dodging
 + Level 7.4 Stealth
 + Level 8.9 Shields
 + Level 10.1 Invocations
 + Level 2.6 Evocations


You had 14 spell levels left.
You didn't know any spells.
Your spell library contained the following spells:

 Spells                   Type           Power        Failure   Level
 Animate Skeleton         Necr           0%           41%         1
 Apportation              Tloc           0%           41%         1
 Corona                   Hex            0%           41%         1
 Sandblast                Erth           0%           41%         1
 Summon Small Mammal      Summ           0%           41%         1
 Call Imp                 Summ           0%           54%         2
 Passwall                 Tmut/Erth      0%           54%         2
 Call Canine Familiar     Summ           0%           78%         3
 Confusing Touch          Hex            0%           78%         3
 Gell's Gravitas          Tloc           0%           78%         3
 Portal Projectile        Hex/Tloc       0%           78%         3
 Stone Arrow              Conj/Erth      0%           78%         3
 Summon Guardian Golem    Hex/Summ       0%           78%         3
 Tukima's Dance           Hex            0%           78%         3
 Petrify                  Tmut/Erth      0%           99%         4
 Summon Ice Beast         Ice/Summ       0%           99%         4
 Summon Lightning Spire   Summ/Air       0%           99%         4
 Bolt of Magma            Conj/Fire/Erth 0%           100%        5
 Irradiate                Conj/Tmut      0%           100%        5
 Iskenderun's Battlesphe  Conj           0%           100%        5
 Lee's Rapid Deconstruct  Erth           0%           100%        5
 Silence                  Hex/Air        0%           100%        5
 Conjure Ball Lightning   Conj/Air       0%           100%        6
 Dispersal                Tloc           0%           100%        6
 Hydra Form               Tmut           0%           100%        6
 Iron Shot                Conj/Erth      0%           100%        6
 Statue Form              Tmut/Erth      0%           100%        6
 Dragon Form              Tmut           0%           100%        7
 Orb of Destruction       Conj           0%           100%        7
 Spellforged Servitor     Conj/Summ      0%           100%        7
 Disjunction              Tloc           0%           100%        8
 Tornado                  Air            0%           100%        9


Dungeon Overview and Level Annotations

Branches:
Dungeon (15/15)            Temple (1/1) D:4            Lair (6/6) D:11
  Swamp (1/4) Lair:2        Snake (0/4) Lair:2        Slime (0/5) Lair:5
    Orc (0/2) D:11         Vaults (0/5) D:13         Depths (0/5) D:15
  Sewer (visited)         Gauntlet (visited)

Altars:
Ashenzari
Cheibriados
Dithmenos
Elyvilon
Fedhas
Gozag
Hepliaklqana
Kikubaaqudgha
Makhleb
Nemelex Xobeh
Okawaru
Qazlal
Ru
Sif Muna
Trog
Uskayaw
Vehumet
Wu Jian
Xom
Yredelemnul
Zin
The Shining One
Lugonu

Shops:
D:11 [   D:12 *

Portals:
Trove: D:13 (give 16 scrolls of teleportation)

Annotations:
D:12 exclusions: door and 2 more exclusions, Frances
D:15 3 runed translucent doors, Ruat's ghost, adept DECj


Innate Abilities, Weirdness & Mutations

You are very small and have problems with some larger weapons.
You are too small for most types of armour.
You have supernaturally acute eyesight. (SInv)
You cover ground extremely quickly.
You are partially covered in yellow scales. (AC +2)
Your flesh is cold resistant. (rC+)
You have an increased reservoir of magic. (+10% MP)
Potions are less effective at restoring your health.


Message History

You shoot a sling bullet. The sling bullet hits the foxfire.
The sling bullet freezes the foxfire.
The foxfire is lightly damaged.
You hear a splash.
The will-o-the-wisp gestures.
The will-o-the-wisp conjures some foxfire!
A foxfire comes into view.
A foxfire comes into view.
The foxfire hits you!! x2; The will-o-the-wisp blinks!
You are too injured to fight recklessly!
Fire: 103 sling bullets
Press: ? - help, Q - select action, (/) - cycle Shift-Dir - straight line, f - will-o-the-wisp
Aim: a will-o-the-wisp (severely damaged, 74% to hit)
You shoot a sling bullet.
The sling bullet hits the will-o-the-wisp.
The will-o-the-wisp is almost destroyed.
The foxfire hits you!!
* * * LOW HITPOINT WARNING * * *
The foxfire hits you!
You die...

♣♣♣♣♣..≈.
♣§...≈..♣♣
♣♣♣♣....v♣§.♣♣
♣≈.§...../..≈♣
(.§§§§≈≈.....♣
§§§§.§≈≈.≈≈≈♣♣.
§§≈§§.§≈.≈≈....
≈... ♣§v@...# ≈≈..≈
♣≈.....# ≈≈≈.≈
♣.§.≈≈.###...
..≈..♣
♣.≈≈≈≈≈......
♣....♣♣♣♣♣≈.≈♣♣♣♣.≈
♣.≈§.≈≈≈≈>≈♣♣ ♣ ♣♣♣
♣.≈≈≈....≈♣♣ ♣
.≈≈♣♣.≈≈≈.≈≈≈.♣ ≈§
.:≈≈♣.≈≈..≈≈≈.♣♣


You could see a will-o-the-wisp.

Vanquished Creatures
  Louise (D:14)
  A minotaur (Gauntlet)
  An eleionoma (Swamp:1)
  Josephine (D:14)
  A vault guard (D:13)
  2 boulder beetles
  An ice dragon (D:15)
  15 hydras
  Harold (D:9)
  A merfolk avatar (Lair:6)
  3 alligators
  4 centaur warriors
  A death knight (D:14)
  4 two-headed ogres
  Sonja (Lair:3)
  A soul eater (Gauntlet)
  Nergalle (Lair:3)
  A spriggan (Swamp:1)
  2 unseen horrors
  A sea snake (Lair:6)
  2 bog bodies (Lair:2)
  2 wizards
  A lindwurm (Lair:4)
  3 harpies (Lair:6)
  2 deep elf magi
  2 necromancers (D:13)
  An oklob plant (D:11)
  11 ugly things
  2 cyclopes
  2 manticores
  A centaur zombie (D:14)
  10 elephants
  Joseph (D:8)
  7 black mambas
  Maurice (D:8)
  A molten gargoyle (D:14)
  2 torpor snails
  12 cane toads
  3 gargoyles
  Maggie (D:7)
  5 rime drakes
  11 komodo dragons
  An efreet (D:15)
  A tyrant leech (Swamp:1)
  7 polar bears
  11 slime creatures
  6 hornets
  20 blink frogs
  2 wyverns (Lair:4)
  A shadow (D:15)
  A vampire (D:13)
  6 wraiths
  45 yaks
  3 basilisks
  6 vampire mosquitoes
  A soldier ant (D:12)
  5 swamp worms (Swamp:1)
  2 acid dragons
  3 nagas
  13 water moccasins
  3 phantoms
  9 orc warriors
  A swamp drake (Lair:2)
  2 black bears
  An eye of draining (D:10)
  4 necrophages
  3 sky beasts
  8 ogres
  6 ice beasts
  21 centaurs
  A wolf (D:7)
  5 big kobolds
  16 bullfrogs
  5 gnoll sergeants
  A water moccasin zombie (D:8)
  3 scorpions
  18 killer bees
  24 wights
  2 howler monkeys (D:12)
  2 electric eels (D:7)
  A lava snake (D:14)
  A quasit (D:5)
  7 orc priests
  11 hounds
  2 bullfrog skeletons
  5 jellies
  11 orc wizards
  A centaur skeleton (D:11)
  3 gnoll shamans (D:7)
  3 iguanas
  6 worker ants
  9 hell rats (Lair:6)
  A hound skeleton (D:4)
  2 mummies (D:9)
  2 howler monkey zombies (D:9)
  A worker ant zombie (D:6)
  28 gnolls
  14 adders
  13 river rats
  3 shadow imps
  A white imp (D:7)
  2 ufetubi
  5 oozes
  4 adder zombies
  An adder skeleton (D:6)
  5 worms
  3 dart slugs
  5 leopard geckos
  49 orcs
  12 ball pythons (Sewer)
  6 bats
  3 giant cockroaches
  7 goblins
  3 hobgoblins
  9 jackals
  2 quokkas
  7 frilled lizards
  A jackal skeleton (D:7)
  A jackal zombie (D:2)
  35 kobolds
  3 quokka skeletons
  A quokka zombie (D:9)
  33 rats
  A butterfly (Lair:3)
719 creatures vanquished.

Vanquished Creatures (collateral kills)
  A centaur (D:11)
1 creature vanquished.

Vanquished Creatures (others)
  An ice dragon (D:15)
  5 foxfires (Swamp:1)
  43 fungi
  94 plants
  3 withered plants (D:9)
146 creatures vanquished.

Grand Total: 866 creatures vanquished

Notes
Turn   | Place    | Note
-------+----------+-------------------------------------------
     0 | D:1      | CrazyMind the Spriggan Hunter began the quest for the Orb.
     0 | D:1      | Reached XP level 1. HP: 10/10 MP: 2/2
    35 | D:1      | Reached skill level 5 in Slings
   166 | D:1      | Reached XP level 2. HP: 14/14 MP: 3/3
   568 | D:1      | Reached skill level 1 in Short Blades
   788 | D:1      | Reached XP level 3. HP: 18/18 MP: 4/4
  1486 | D:2      | Reached skill level 6 in Slings
  1486 | D:2      | Reached XP level 4. HP: 23/23 MP: 5/5
  1936 | D:2      | Found a glowing golden altar of the Shining One.
  2830 | D:3      | Reached XP level 5. HP: 26/26 MP: 6/6
  2998 | D:4      | Reached skill level 1 in Shields
  3378 | D:4      | Found a staircase to the Ecumenical Temple.
  3386 | Temple   | Entered the Ecumenical Temple
  3440 | D:4      | Noticed an ogre
  3565 | D:4      | Killed an ogre
  3566 | D:4      | Reached skill level 7 in Slings
  3566 | D:4      | Reached XP level 6. HP: 32/32 MP: 7/7
  3651 | D:4      | Found a basalt altar of Yredelemnul.
  3861 | D:4      | Found an iron altar of Okawaru.
  3865 | D:4      | Noticed an ice beast
  3871 | D:4      | Became a worshipper of Warmaster Okawaru
  3924 | D:4      | Killed an ice beast
  4127 | D:5      | Entered Level 5 of the Dungeon
  4186 | D:5      | Found a snail-covered altar of Cheibriados.
  4218 | D:5      | Reached XP level 7. HP: 21/35 MP: 8/8
  4383 | D:5      | Found a glowing drain.
  4387 | Sewer    | Entered a sewer
  4728 | Sewer    | Reached skill level 8 in Slings
  5086 | Sewer    | Reached * piety under Okawaru
  5267 | D:5      | Found a stormy altar of Qazlal.
  5566 | D:5      | Reached skill level 5 in Dodging
  5601 | D:5      | HP: 1/36 [poisoned by a killer bee]
  5872 | D:5      | Reached skill level 1 in Invocations
  5872 | D:5      | Reached XP level 8. HP: 37/40 MP: 6/10
  5885 | D:5      | Reached skill level 9 in Slings
  7366 | D:6      | Reached skill level 10 in Slings
  7595 | D:6      | Reached ** piety under Okawaru
  7898 | D:7      | Reached XP level 9. HP: 29/45 MP: 10/12
  8382 | D:7      | Reached skill level 1 in Evocations
  8937 | D:7      | Noticed Maggie
  9194 | D:7      | Killed Maggie
  9639 | D:7      | Reached skill level 11 in Slings
 10084 | D:8      | Noticed Joseph
 10112 | D:8      | Killed Joseph
 10113 | D:8      | Reached skill level 5 in Invocations
 10121 | D:8      | Reached *** piety under Okawaru
 10214 | D:8      | Reached XP level 10. HP: 51/51 MP: 14/14
 10282 | D:8      | Noticed a deep elf mage
 10294 | D:8      | Killed a deep elf mage
 10294 | D:8      | Received a gift from Okawaru
 10295 | D:8      | Reached skill level 5 in Fighting
 10430 | D:8      | Noticed a two-headed ogre
 10451 | D:8      | Killed a two-headed ogre
 10572 | D:8      | Noticed Maurice
 10592 | D:8      | Killed Maurice
 10592 | D:8      | Received a gift from Okawaru
 10618 | D:8      | Reached skill level 12 in Slings
 11051 | D:8      | Received a gift from Okawaru
 11466 | D:9      | Noticed a two-headed ogre
 11490 | D:9      | Killed a two-headed ogre
 11491 | D:9      | Reached skill level 5 in Short Blades
 11491 | D:9      | Reached skill level 5 in Shields
 11642 | D:9      | Found a shadowy altar of Dithmenos.
 11744 | D:9      | Reached **** piety under Okawaru
 11784 | D:9      | Received a gift from Okawaru
 12067 | D:9      | Reached XP level 11. HP: 56/56 MP: 16/16
 12316 | D:9      | Received a gift from Okawaru
 12347 | D:9      | Found a blossoming altar of Fedhas.
 12363 | D:9      | Found a sacrificial altar of Ru.
 12383 | D:9      | Found a hazy altar of Hepliaklqana.
 12398 | D:9      | Found a broken altar of Ashenzari.
 12507 | D:9      | Found an ornate altar of the Wu Jian Council.
 12514 | D:9      | Found an ancient bone altar of Kikubaaqudgha.
 12520 | D:9      | Found a sparkling altar of Nemelex Xobeh.
 12660 | D:9      | Noticed Harold
 13091 | D:10     | Entered Level 10 of the Dungeon
 13310 | D:10     | Received a gift from Okawaru
 13550 | D:10     | Paralysed by a hornet for 1 turns
 13875 | D:10     | Reached skill level 5 in Stealth
 14802 | D:11     | Found Rusmac's Armour Boutique.
 14854 | D:11     | Noticed a centaur warrior
 14898 | D:11     | Reached skill level 13 in Slings
 14899 | D:11     | Killed a centaur warrior
 15320 | D:11     | Found a staircase to the Lair.
 15321 | D:11     | Noticed an oklob plant
 15367 | D:11     | Found a staircase to the Orcish Mines.
 16135 | D:11     | Killed an oklob plant
 16135 | D:11     | Received a gift from Okawaru
 16329 | Lair:1   | Entered Level 1 of the Lair of Beasts
 16638 | Lair:1   | Reached ***** piety under Okawaru
 16639 | Lair:1   | Reached skill level 1 in Armour
 16839 | Lair:1   | Noticed a five-headed hydra
 16860 | Lair:1   | Killed a five-headed hydra
 16860 | Lair:1   | Received a gift from Okawaru
 16913 | Lair:1   | Reached XP level 12. HP: 54/62 MP: 18/18
 18126 | Lair:2   | Received a gift from Okawaru
 18226 | Lair:2   | Found a staircase to the Snake Pit.
 18870 | Lair:2   | Found a staircase to the Swamp.
 19231 | Lair:3   | Found a gate leading to a gauntlet.
 19246 | Gauntlet | Entered a Gauntlet
 19246 | Gauntlet | Found a transporter.
 19246 | Gauntlet | Found a transporter.
 19247 | Gauntlet | Found a runed translucent door.
 19252 | Gauntlet | Found a transporter.
 19267 | Gauntlet | Found a transporter.
 19282 | Gauntlet | Found a transporter.
 19282 | Gauntlet | Found a transporter.
 19284 | Gauntlet | Found a transporter.
 19284 | Gauntlet | Found a transporter.
 19285 | Gauntlet | Found a transporter.
 19297 | Gauntlet | Found a transporter.
 19313 | Gauntlet | Found a transporter.
 19313 | Gauntlet | Noticed a balrug
 19323 | Gauntlet | Found a transporter.
 19324 | Gauntlet | Noticed a dire elephant
 19337 | Gauntlet | Found a transporter.
 19357 | Gauntlet | Found a transporter.
 19365 | Gauntlet | Noticed a catoblepas
 19501 | Gauntlet | Received a gift from Okawaru
 19709 | Gauntlet | Got a heavily runed hat
 19712 | Gauntlet | Identified the +0 hat of Midnight {rN+ Int+5 Dex+3 SInv}
                  | (You found it in a Gauntlet)
 19938 | Gauntlet | Noticed a minotaur
 19957 | Gauntlet | Killed a minotaur
 20788 | Lair:3   | You fall into a shaft and drop 3 floors!
 20788 | Lair:6   | Entered Level 6 of the Lair of Beasts
 21252 | Lair:5   | Found a staircase to the Slime Pits.
 21518 | Lair:4   | Noticed a boulder beetle
 21945 | Lair:4   | Received a gift from Okawaru
 22007 | Lair:4   | Reached skill level 1 in Throwing
 22007 | Lair:4   | Reached XP level 13. HP: 68/68 MP: 20/20
 22390 | Lair:3   | Noticed Sonja
 22395 | Lair:3   | Noticed Nergalle
 22478 | Lair:3   | Killed Nergalle
 22478 | Lair:3   | Received a gift from Okawaru
 23059 | Lair:3   | Killed Sonja
 23084 | Lair:3   | Gained mutation: You tend to lose your temper in combat.
                  | [potion of mutation]
 23084 | Lair:3   | Gained mutation: Your muscles are strong. (Str +2) [potion
                  | of mutation]
 23559 | Lair:4   | You fall into a shaft and drop 2 floors!
 23846 | Lair:4   | Received a gift from Okawaru
 25135 | Lair:5   | Received a gift from Okawaru
 25136 | Lair:5   | Reached skill level 14 in Slings
 27038 | Lair:6   | Reached skill level 10 in Invocations
 27574 | Lair:5   | Reached ****** piety under Okawaru
 27575 | Lair:5   | Reached skill level 5 in Armour
 27806 | Lair:6   | Received a gift from Okawaru
 27807 | Lair:6   | Reached XP level 14. HP: 47/75 MP: 22/22
 28051 | Lair:5   | Reached skill level 10 in Dodging
 28083 | Lair:6   | Received a gift from Okawaru
 30301 | D:12     | Noticed Frances
 30859 | D:12     | Received a gift from Okawaru
 31157 | D:12     | Found Heidyneq's General Store.
 31293 | D:12     | Lost mutation: Your muscles are strong. (Str +2) [potion of
                  | mutation]
 31293 | D:12     | Lost mutation: You tend to lose your temper in combat.
                  | [potion of mutation]
 31293 | D:12     | Gained mutation: You have an increased reservoir of magic.
                  | (+10% MP) [potion of mutation]
 31293 | D:12     | Gained mutation: Potions are less effective at restoring
                  | your health. [potion of mutation]
 31293 | D:12     | Gained mutation: You are partially covered in yellow
                  | scales. (AC +2) [potion of mutation]
 31293 | D:12     | Gained mutation: Your flesh is cold resistant. (rC+)
                  | [potion of mutation]
 32766 | D:13     | Received a gift from Okawaru
 32958 | D:13     | Found an ancient bone altar of Kikubaaqudgha.
 33530 | D:13     | Reached skill level 15 in Slings
 33538 | D:13     | Found a gate to the Vaults.
 33695 | D:13     | Reached skill level 10 in Fighting
 33802 | D:13     | Found a portal to a secret trove of treasure.
 34137 | D:14     | Identified the Handbook of the Oath
 34517 | D:14     | Noticed Josephine
 34544 | D:14     | Killed Josephine
 34713 | D:14     | Reached skill level 10 in Short Blades
 34998 | D:14     | Received a gift from Okawaru
 35116 | D:14     | Noticed Louise
 35464 | D:14     | Killed Louise
 36220 | D:15     | Entered Level 15 of the Dungeon
 36259 | D:14     | Received a gift from Okawaru
 36260 | D:14     | Reached XP level 15. HP: 80/80 MP: 25/25
 37974 | D:15     | Found a staircase to the Depths.
 38184 | D:15     | Found a runed translucent gate.
 38184 | D:15     | Found a runed translucent gate.
 38184 | D:15     | Found a runed translucent gate.
 38184 | D:15     | Noticed Ruat's ghost (adept DECj)
 39133 | D:9      | Killed Harold
 39319 | Swamp:1  | Entered Level 1 of the Swamp
 40573 | Swamp:1  | Killed from afar by a will-o-the-wisp

Illustrated notes

Levels and vault maps discovered:
D:1:      saegor_arrival_fortress, layout_basic, hangedman_decor_push,
          eino_curves_04
D:2:      layout_basic, nicolae_tso_swordbearing_angel
D:3:      layout_loops_cross, hex_large, chequers_serial_rivers_large_a,
          kennysheep_generic_room_14
D:4:      layout_basic, yredelemnul_altar_generic,
          nicolae_overflow_crystal_walls, minmay_temple_entry_slanted,
          guppyfry_early_lair_pool
D:5:      layout_basic, nicolae_qazlal_eye_of_the_storm, kennysheep_slug_shrine,
          gup_sewer_entry_spiral
D:6:      layout_layer_cave
D:7:      layout_cave_pools, serial_gnoll_camp, gnoll_camp_mini_house,
          gnoll_camp_mini_loothouse, gnoll_camp_mini_hut, gnoll_camp_huts_moat,
          gnoll_camp_mini_house, gnoll_camp_mini_sergeant, uniq_maggie
D:8:      layout_rooms, uniq_maurice, uniq_joseph
D:9:      layout_roguey [special_room_orc], grunt_dithmenos_smoke_and_mirrors,
          grunt_temple_overflow_octagram, serial_undead, serial_undead_d,
          serial_undead_f, serial_undead_c, serial_undead_a, serial_undead_f,
          serial_undead_e, kennysheep_generic_room_11, uniq_harold
D:10:     layout_basic, hex_tiny
D:11:     layout_long_grid, dpeg_oklobed_lair, orc_0_dummy, serial_shops,
          nicolae_shop_waterfront, minmay_stone_trees_medium
D:12:     layout_gridville, serial_shops, nicolae_shop_statue_plus, uniq_frances
D:13:     layout_basic, david_vaults_1, enter_trove_5, amcnicky_altar_gilded
D:14:     layout_basic, serial_aquarium, aquarium_bridge_straight
          [aquarium_subvault_bridge, aquarium_subvault_wall,
          aquarium_subvault_bridge, aquarium_subvault_balcony],
          aquarium_bridge_island_small [aquarium_subvault_small_water,
          aquarium_subvault_bridge, aquarium_subvault_wall,
          aquarium_subvault_window, aquarium_subvault_window],
          aquarium_window_corner, aquarium_window_2, aquarium_view_2c,
          aquarium_pool_corner, grunt_decor_junction, uniq_josephine,
          uniq_louise
D:15:     grunt_enter_depths_hoard, layout_loops_ring,
          gammafunk_ghost_hydra_chop
Temple:   corrupted_temple
Lair:1:   layout_small_grid
Lair:2:   layout_roguey, swamp_mist, guppyfry_snake_entry_island,
          lemuel_another_geyser
Lair:3:   layout_cave_pods, gauntlet_entry_generic, lemuel_fruit_fields,
          infiniplex_staircase_pool, grunt_megastairs_5, uniq_sonja,
          uniq_nergalle
Lair:4:   layout_regular_city, beast_lair_carwin_1
Lair:5:   layout_cave_pods, nicolae_slime_entry_slimehenge,
          infiniplex_staircase_pool_2, grunt_megastairs_3
Lair:6:   gammafunk_lair_ancient_temple, layout_loops_ring,
          hangedman_lair_unloving_vines, kennysheep_rathole
Swamp:1:  layout_basic_swamp, evilmike_swamp_ruin_rubble_2, swamp_pool4

Skill      XL: |  1  2  3  4  5  6  7  8  9 10 11 12 13 14 15 |
---------------+----------------------------------------------+-----
Slings         | 5 6 7 8 10 11 12 13 14 15 | 15.4
Short Blades   | 1 2 3 4 5 6 7 8 10 11 | 11.2
Fighting       | 2 3 4 5 6 7 9 10 | 10.6
Stealth        | 2 3 4 5 6 7 |  7.4
Shields        | 1 2 3 4 5 6 7 8 |  8.9
Dodging        | 5 6 7 8 9 10 11 | 11.4
Invocations    | 1 3 5 6 7 8 10 | 10.1
Evocations     | 1 2 |  2.6
Armour         | 1 3 5 |  5.8
Throwing       | 1 2 |  2.0

Action                   |  1- 3 |  4- 6 |  7- 9 | 10-12 | 13-15 || total
-------------------------+-------+-------+-------+-------+-------++-------
Melee: Short sword       |    48 |    59 |   300 |   518 |   619 ||  1544
       Rapier            |       |       |       |       |   639 ||   639
 Fire: Hunting sling     |    58 |   162 |   490 |   963 |  1242 ||  2915
Throw: Stone             |     1 |     1 |     5 |       |       ||     7
       Dart              |       |       |     6 |     6 |    14 ||    26
       Boomerang         |       |       |       |       |     4 ||     4
Invok: Heroism           |       |       |     8 |    16 |    19 ||    43
Evoke: Wand              |       |       |     6 |     3 |     6 ||    15
       Phantom mirror    |       |       |       |     3 |       ||     3
  Use: Scroll            |     2 |     3 |       |    24 |     5 ||    34
       Potion            |       |       |     6 |     5 |     2 ||    13
 Stab: Sleeping          |     1 |     2 |     2 |     4 |     8 ||    17
       Distracted        |       |       |     1 |       |       ||     1
       Invisible         |       |       |       |     5 |       ||     5
Armor: Robe              |     3 |    10 |    17 |     8 |       ||    38
       Swamp dragon scal |       |       |       |    24 |   102 ||   126
Dodge: Dodged            |    47 |    71 |   205 |   290 |   668 ||  1281
Block: Buckler           |       |     3 |   116 |   184 |   569 ||   872
